 Dungeon Crawl Stone Soup version 0.26-a0-1025-g006ef2cfcc (webtiles) character file.

Game seed: 11384018301065379173

330 Kraken2834 the Firebug (level 6, -1/55 HPs)
             Began as a Draconian Fire Elementalist on Dec 9, 2020.
             Slain by an iguana (8 damage)
             ... on level 4 of the Dungeon.
             The game lasted 00:11:01 (4760 turns).

Kraken2834 the Firebug (DrFE)                       Turns: 4760, Time: 00:11:03

Health: -1/55      AC:  6    Str: 10    XL:     6   Next: 26%
Magic:  1/11       EV: 12    Int: 18    God:
Gold:   207        SH:  0    Dex: 11    Spells: 2/12 levels left

rFire    . . .     SeeInvis .   e - +0 club
rCold    + . .     Faith    .   (no shield)
rNeg     . . .     Spirit   .   (armour unavailable)
rPois    .         Reflect  .   (helmet restricted)
rElec    .         Harm     .   (no cloak)
rCorr    .         Rampage  .   (no gloves)
Will     .....                  (no boots)
Stlth    ++........             (no amulet)
HPRegen  0.18/turn              (no ring)
MPRegen  0.12/turn              (no ring)

@: no status effects
A: unfitting armour, hooves 1, cold resistance 1, robust 1, wild magic 1,
cold-blooded, AC +6
a: no special abilities


You were on level 4 of the Dungeon.
You visited 1 branch of the dungeon, and saw 4 of its levels.

You collected 207 gold pieces.

Inventory:

Hand Weapons
 e - a +0 club (weapon)
Scrolls
 b - 2 scrolls of fog {unknown}
 c - 2 scrolls of amnesia {unknown}
 d - a scroll of blinking {unknown}
 f - a scroll of enchant weapon {unknown}
 g - a scroll of magic mapping {unknown}
 i - a scroll of identify {unknown}
 j - 3 scrolls of teleportation
 k - a scroll of remove curse {unknown}
 m - a scroll of enchant armour {unknown}
Potions
 a - 2 potions of lignification {unknown}
 h - a potion of heal wounds {unknown}
 l - a potion of degeneration {unknown}


   Skills:
 * Level 2.7 Fighting
 + Level 0.2 Maces & Flails
 - Level 1.8 Dodging
 - Level 1.8 Stealth
 + Level 3.7 Spellcasting
 + Level 3.0 Conjurations
 + Level 4.4 Fire Magic


You had 2 spell levels left.
You knew the following spells:

 Your Spells              Type           Power        Failure   Level
a - Foxfire               Conj/Fire      ###.         5%          1
b - Fireball              Conj/Fire      ###.......   75%         5
c - Sticky Flame          Conj/Fire      ###.....     41%         4

Your spell library contained the following spells:

 Spells                   Type           Power        Failure   Level
 Conjure Flame            Conj/Fire      ###.....     14%         3
 Inner Flame              Hex/Fire       ##......     26%         3


Dungeon Overview and Level Annotations

Branches:
Dungeon (4/15)
 Temple: D:4-7

Altars:
Ashenzari
Dithmenos
Elyvilon
Xom


Innate Abilities, Weirdness & Mutations

Your plain brown scales are hard. (AC +6)
You cannot fit into any form of body armour.
You are cold-blooded and may be slowed by cold attacks.
You have large cloven feet.
Your flesh is cold resistant. (rC+)
You are robust. (+10% HP)
Your spells are a little harder to cast, but a little more powerful.


Message History

* * * LOW HITPOINT WARNING * * *
You hit the iguana but do no damage. The iguana bites you!
* * * LOW HITPOINT WARNING * * *
You see here 2 boomerangs.
Your magical contamination has completely faded away.
You are too injured to fight recklessly!
Casting: Sticky Flame (quite dangerous; 41% risk of failure)
Confirm with . or Enter, or press ? or * to list all spells.
You don't have enough magic to cast that spell.
Casting: Sticky Flame (quite dangerous; 41% risk of failure)
Confirm with . or Enter, or press ? or * to list all spells.
You conjure some foxfire!
The iguana misses you.
Casting: Foxfire (safe; 5% risk of failure)
Confirm with . or Enter, or press ? or * to list all spells.
You conjure some foxfire!
The foxfire hits the iguana.
The iguana is moderately wounded.
The foxfire hits the iguana.
The iguana is heavily wounded.
The iguana bites you!
You die...

#.#.#...# #......#
#######.######.....##
##.. #...........##
...# ##...........#
#..# #...##.......#
#...###..###.........
#...#..## #.........
#..l..# .......#...
#..@v## ...........
##..v# ...........
#..... ..........
........ ...
........... ...
###......... ...
#......... ..#
##........ ... >.#


You could see an iguana.

Vanquished Creatures
  A hound (D:4)
  An orc priest (D:4)
  An orc wizard (D:3)
  Jessica (D:3)
  4 gnolls (D:2)
  10 adders
  An ooze (D:3)
  2 worms (D:2)
  2 dart slugs (D:1)
  14 orcs
  3 giant cockroaches
  6 goblins
  4 hobgoblins (D:2)
  2 jackals (D:3)
  3 ball pythons
  6 bats
  3 frilled lizards
  6 kobolds
  3 rats
73 creatures vanquished.

Vanquished Creatures (others)
  293 foxfires
293 creatures vanquished.

Grand Total: 366 creatures vanquished

Notes
Turn   | Place    | Note
-------+----------+-------------------------------------------
     0 | D:1      | Kraken2834 the Draconian Fire Elementalist began the quest
                  | for the Orb.
     0 | D:1      | Reached XP level 1. HP: 14/14 MP: 3/3
   287 | D:1      | Reached XP level 2. HP: 20/20 MP: 0/5
   660 | D:1      | You fall into a shaft and drop 1 floor!
   744 | D:2      | Reached XP level 3. HP: 16/27 MP: 0/6
   855 | D:2      | Reached skill level 1 in Fighting
  1500 | D:2      | Gained mutation: Your spells are a little harder to cast,
                  | but a little more powerful. [potion of mutation]
  1500 | D:2      | Gained mutation: Your flesh is cold resistant. (rC+)
                  | [potion of mutation]
  1500 | D:2      | Gained mutation: You have large cloven feet. [potion of
                  | mutation]
  1500 | D:2      | Gained mutation: You are robust. (+10% HP) [potion of
                  | mutation]
  1505 | D:2      | Reached XP level 4. HP: 8/38 MP: 0/8
  2632 | D:3      | Reached skill level 4 in Fire Magic
  2678 | D:3      | Noticed Jessica
  2685 | D:3      | Killed Jessica
  2686 | D:3      | Reached XP level 5. HP: 44/45 MP: 1/9
  3056 | D:3      | HP: 2/45 [poisoned by an adder]
  3341 | D:3      | Found a shadowy altar of Dithmenos.
  3828 | D:3      | Found a white marble altar of Elyvilon.
  4243 | D:4      | Reached XP level 6. HP: 53/55 MP: 4/11
  4469 | D:4      | Learned a level 5 spell: Fireball
  4474 | D:4      | Learned a level 4 spell: Sticky Flame
  4537 | D:4      | Found a broken altar of Ashenzari.
  4621 | D:4      | Found a radiant altar of Vehumet.
  4623 | D:4      | Found a shimmering altar of Xom.
  4623 | D:4      | Found a shimmering blue altar of Sif Muna.
  4627 | D:4      | Found a shadowy altar of Dithmenos.
  4627 | D:4      | Found a white marble altar of Elyvilon.
  4627 | D:4      | Found a shimmering altar of Xom.
  4760 | D:4      | Slain by an iguana

Illustrated notes

Levels and vault maps discovered:
D:1:      zaba_arrival_water, layout_basic
D:2:      layout_rooms
D:3:      layout_rooms, nicolae_dithmenos_shadow_blocks, lemuel_round_altar,
          uniq_jessica
D:4:      minmay_diamond_boxcup, layout_layer_cave, ashenzari_altar_1,
          grunt_ministairs_2, doesnt_xom_only_xom

Skill      XL: |  1  2  3  4  5  6 |
---------------+-------------------+-----
Fighting       | 1 2 |  2.7
Conjurations   | 2 3 |  3.0
Spellcasting   | 3 |  3.7
Fire Magic     | 4 |  4.4
Maces & Flails | |  0.2
Dodging        | |  1.8
Stealth        | |  1.8

Action                   |  1- 3 |  4- 6 || total
-------------------------+-------+-------++-------
Melee: Unarmed           |    72 |       ||    72
       Tailslap          |    11 |     7 ||    18
       Club              |       |    62 ||    62
       Kick              |       |     9 ||     9
 Cast: Foxfire           |    72 |   156 ||   228
  Use: Potion            |     2 |       ||     2
       Scroll            |     1 |     1 ||     2
Armor: Skin              |    27 |    20 ||    47
Dodge: Dodged            |    68 |    61 ||   129

Table legend: (Time is in decaauts)
 A = Elapsed time spent in this place.
 B = Non-inter-level travel time spent in this place.
 C = Inter-level travel time spent in this place.
 D = Time resting spent in this place.
 E = Time spent auto-exploring this place.
 F = Levels seen in this place.
 G = Mean time per level.
                   A        B        C        D        E       F      G
               +--------+--------+--------+--------+--------+-----+--------+
         Total |   4785 |   4711 |     74 |   1344 |   2621 |   4 | 1196.2 |
       Dungeon |   4785 |   4711 |     74 |   1344 |   2621 |   4 | 1196.2 |
               +--------+--------+--------+--------+--------+-----+--------+

Top non-repeatable levels by time:
     D:3: 1699 daAuts
     D:2: 1596 daAuts
     D:1: 944 daAuts
     D:4: 545 daAuts
